 Dungeon Crawl Stone Soup version 0.20.1-1-g8b1a95d (webtiles) character file.

17211 Zeege the Impaler (level 12, -7/110 HPs)
             Began as a Minotaur Fighter on Nov 10, 2017.
             Was a Priest of Makhleb.
             Mangled by a spiny frog (9 damage)
             ... on level 2 of the Lair of Beasts.
             The game lasted 01:00:32 (11473 turns).

Zeege the Impaler (Minotaur Fighter)               Turns: 11473, Time: 01:00:33

Health: -7/110     AC: 22    Str: 22    XL:     12   Next: 16%
Magic:  11/11      EV:  8    Int:  5    God:    Makhleb [***...]
Gold:   496        SH:  0    Dex: 14    Spells: 11/11 levels left

rFire    . . .     SeeInvis .   q - +2 scythe (freeze)
rCold    + . .     Gourm    .   (shield currently unavailable)
rNeg     . . .     Faith    .   a - +0 plate armour
rPois    +         Spirit   .   (helmet restricted)
rElec    .         Reflect  .   p - +0 cloak
rCorr    .         Harm     .   h - +0 pair of gloves
MR       .....                  l - +2 pair of boots
Stlth    ..........             (no amulet)
Regen    0.3/turn               G - ring of poison resistance
MPRegen  0.2/turn               o - ring of protection from cold

@: very slightly contaminated
A: retaliatory headbutt, horns 2
a: Minor Destruction, Lesser Servant of Makhleb, Renounce Religion


You were on level 2 of the Lair of Beasts.
You worshipped Makhleb.
Makhleb was most pleased with you.
You were not hungry.

You visited 3 branches of the dungeon, and saw 14 of its levels.

You collected 496 gold pieces.

Inventory:

Hand Weapons
 q - a +2 scythe of freezing (weapon)
 A - a +3 trident of venom
 D - a +3 trident of flaming
Armour
 a - a +0 plate armour (worn)
 h - a +0 pair of gloves (worn)
 l - a +2 pair of boots (worn)
 p - a +0 cloak (worn)
Jewellery
 n - an uncursed ring of teleportation
 o - a ring of protection from cold (right hand)
 G - a ring of poison resistance (left hand)
Wands
 F - a wand of lightning (0/15)
 H - a wand of flame (26/48)
 J - a wand of polymorph (6/24)
Scrolls
 e - a scroll of teleportation
 j - a scroll of amnesia
 w - 3 scrolls of remove curse
 E - 4 scrolls of identify
Potions
 c - a potion of flight {unknown}
 d - 3 potions of might
 g - a potion of curing
 k - 2 potions of resistance
 m - a potion of mutation {unknown}
 t - 5 potions of heal wounds {unknown}
 u - a potion of degeneration {unknown}
 v - a potion of invisibility
 x - 2 potions of agility
 B - a potion of lignification
 I - a potion of ambrosia {unknown}
Books
 z - a book of Debilitation

   Spells                             Type                      Level
   a - Corona                         Hexes                        1
   b - Slow                           Hexes                        2
   c - Inner Flame                    Hexes/Fire                   3
   d - Portal Projectile              Hexes/Translocation          3
   e - Cause Fear                     Hexes                        4
   f - Leda's Liquefaction            Hexes/Earth                  4
 C - a book of Maledictions

   Spells                             Type                      Level
   a - Corona                         Hexes                        1
   b - Ensorcelled Hibernation        Hexes/Ice                    2
   c - Confuse                        Hexes                        3
   d - Tukima's Dance                 Hexes                        3
   e - Dazzling Spray                 Conjuration/Hexes            3
Comestibles
 f - 11 bread rations
 i - 3 meat rations
 r - 8 royal jellies
 s - 10 fruits


   Skills:
 * Level 11.6 Fighting
   Level 4.8(11.4) Axes
 * Level 15.6(15.8) Polearms
 * Level 12.0 Armour
 - Level 2.9 Dodging
 - Level 0.8 Stealth
   Level 4.4 Shields
 + Level 1.0 Invocations
 + Level 0.3 Evocations


You had 11 spell levels left.
You didn't know any spells.

Dungeon Overview and Level Annotations

Branches:
Dungeon (10/15)            Temple (1/1) D:4            Lair (3/6) D:9
 Spider (0/4) Lair:2          Orc (0/2) D:9
  Swamp: Lair:2-4    Shoals: Lair:2-4

Altars:
Ashenzari
Cheibriados
Dithmenos
Elyvilon
Fedhas
Gozag
Hepliaklqana
Kikubaaqudgha
Makhleb
Nemelex Xobeh
Okawaru
Qazlal
Ru
Sif Muna
Trog
Uskayaw
Vehumet
Xom
Yredelemnul
Zin
The Shining One

Shops:
D:4 *[[


Innate Abilities, Weirdness & Mutations

You reflexively headbutt those who attack you in melee.
You have a pair of horns on your head.


Message History

The wolf explodes!
The fiery explosion engulfs the wolf.
The wolf explodes!
The fiery explosion engulfs you! Makhleb accepts your kill.
The fiery explosion engulfs you! Makhleb accepts your kill. x2
Your Armour skill increases to level 12!
The fiery explosion engulfs you!
* * * LOW HITPOINT WARNING * * *
Makhleb accepts your kill.
You are engulfed in blazing flames.
* * * LOW HITPOINT WARNING * * *
Blink to where?
Press: ? - help, Dir - move target cursor You are very lightly contaminated with residual magic.
As you read the scroll of blinking, it crumbles to dust.
The spiny frog stings you but does no damage.
The spiny frog stings you!
You die...

....§§§## ...§§§§§# ...%§§§§#
...##§§§#### ....#...$#.#
.....#....# .....t....#
%...%.F...### ....#..@..%.#
...###.....## %.. #...>..##
#########
.......##.....###.##..P.#
.........................÷.......
...?. ...........................
.................................
.... ............................
?...... .........................


You could see a spiny frog (inner flame) and a crocodile (inner flame).

Vanquished Creatures
  A hydra (Lair:1)
  2 two-headed ogres
  5 death yaks
  Joseph (D:10)
  A torpor snail (Lair:2)
  A gargoyle (D:8)
  2 spiny frogs (Lair:1)
  3 komodo dragons
  Grinder (D:3)
  2 hippogriffs
  Sigmund (D:2)
  19 yaks
  The ghost of Regeox the Chopper, an amateur HOFi (D:4)
  4 hogs (D:7)
  Grum (Lair:1)
  A human (D:7)
  Edmund (D:6)
  4 wargs (D:9)
  2 water moccasins
  2 porcupines
  3 sky beasts
  3 orc warriors
  3 ice beasts
  2 ogres
  A black bear (Lair:2)
  The ghost of yogakurto the Covered, an amateur BaFi of Cheibriados (D:3)
  11 wolves
  A centaur (D:9)
  A crocodile (Lair:1)
  6 bullfrogs
  A water moccasin skeleton (D:5)
  4 scorpions
  5 killer bees
  3 wights (D:9)
  3 howler monkeys
  2 vampire bats (D:4)
  2 crimson imps
  3 bullfrog zombies
  A centaur zombie (D:7)
  3 hounds
  4 orc priests
  Crazy Yiuf (D:3)
  3 centaur skeletons
  Jessica (D:3)
  3 iguanas
  Terence (D:2)
  10 orc wizards
  5 worker ants
  2 hound zombies
  Robin (D:3)
  11 adders
  7 gnolls
  A shadow imp (D:8)
  3 oozes
  4 adder skeletons
  2 worms
  2 dart slugs (D:1)
  4 leopard geckos
  23 orcs
  4 giant cockroaches
  11 goblins
  5 hobgoblins
  4 jackals
  5 kobolds
  5 quokkas
  14 bats
  7 frilled lizards
  3 leopard gecko skeletons
  7 rats
  2 fungi (D:3)
269 creatures vanquished.

Vanquished Creatures (others)
  A fungus (Lair:1)
1 creature vanquished.

Grand Total: 270 creatures vanquished

Notes
Turn   | Place    | Note
-------+----------+-------------------------------------------
     0 | D:1      | Zeege the Minotaur Fighter began the quest for the Orb.
     0 | D:1      | Reached XP level 1. HP: 19/19 MP: 0/0
   340 | D:1      | Reached XP level 2. HP: 26/27 MP: 1/1
  1147 | D:2      | Reached XP level 3. HP: 22/33 MP: 2/2
  1172 | D:2      | Noticed Terence
  1178 | D:2      | Killed Terence
  1188 | D:2      | Reached XP level 4. HP: 9/40 MP: 3/3
  1484 | D:2      | Noticed Sigmund
  1502 | D:2      | Killed Sigmund
  1502 | D:2      | Reached skill level 1 in Dodging
  1502 | D:2      | Reached XP level 5. HP: 30/47 MP: 4/4
  2091 | D:3      | Noticed Robin
  2104 | D:3      | Killed Robin
  2109 | D:3      | Reached XP level 6. HP: 33/55 MP: 5/5
  2110 | D:3      | Reached skill level 5 in Fighting
  2281 | D:4      | Found Xif Tupa's General Store.
  2359 | D:3      | Noticed yogakurto's ghost (amateur BaFi)
  2360 | D:3      | Noticed Jessica
  2378 | D:3      | Reached skill level 1 in Polearms
  2384 | D:3      | Killed yogakurto's ghost
  2384 | D:3      | Reached skill level 2 in Polearms
  2384 | D:3      | Reached skill level 5 in Armour
  2403 | D:3      | Killed Jessica
  2781 | D:3      | Reached skill level 3 in Polearms
  2836 | D:3      | Noticed Grinder
  2845 | D:3      | Killed Grinder
  2845 | D:3      | Reached skill level 4 in Polearms
  2845 | D:3      | Reached XP level 7. HP: 39/61 MP: 6/6
  3373 | D:3      | Found a runed door.
  3377 | D:3      | Noticed Crazy Yiuf
  3382 | D:3      | Killed Crazy Yiuf
  3646 | D:5      | Entered Level 5 of the Dungeon
  3674 | D:4      | Reached skill level 5 in Polearms
  3710 | D:4      | Noticed Regeox's ghost (amateur HOFi)
  3719 | D:4      | Killed Regeox's ghost
  3719 | D:4      | Reached skill level 6 in Polearms
  3719 | D:4      | Reached XP level 8. HP: 48/70 MP: 7/7
  3804 | D:4      | Reached skill level 7 in Polearms
  3853 | D:4      | Found Malemodo's Armour Shop.
  4030 | D:4      | Found a staircase to the Ecumenical Temple.
  4041 | Temple   | Entered the Ecumenical Temple
  4073 | Temple   | Became a worshipper of Makhleb the Destroyer
  4455 | D:4      | Found Ypsymoik's Armour Shop.
  4845 | D:5      | Reached skill level 8 in Polearms
  5310 | D:6      | Found a sparkling altar of Nemelex Xobeh.
  5311 | D:6      | Found a hide-covered altar of Uskayaw.
  5311 | D:6      | Found a shadowy altar of Dithmenos.
  5312 | D:6      | Found a hazy altar of Hepliaklqana.
  5312 | D:6      | Found a radiant altar of Vehumet.
  5312 | D:6      | Found a stormy altar of Qazlal.
  5327 | D:6      | Reached * piety under Makhleb
  5327 | D:6      | Reached skill level 9 in Polearms
  5658 | D:6      | Found a blossoming altar of Fedhas.
  5661 | D:6      | Reached XP level 9. HP: 79/79 MP: 8/8
  5684 | D:6      | Noticed Edmund
  5690 | D:6      | Killed Edmund
  5742 | D:6      | Found a stormy altar of Qazlal.
  5926 | D:6      | Reached skill level 10 in Polearms
  6239 | D:7      | Found a sacrificial altar of Ru.
  6358 | D:8      | Noticed a two-headed ogre
  6358 | D:8      | Noticed a gargoyle
  6372 | D:7      | Killed a two-headed ogre
  6372 | D:7      | Reached skill level 11 in Polearms
  6832 | D:7      | Reached XP level 10. HP: 53/90 MP: 9/9
  6838 | D:7      | Reached skill level 12 in Polearms
  7096 | D:7      | Reached ** piety under Makhleb
  7199 | D:8      | Killed a gargoyle
  7343 | D:9      | Found a staircase to the Lair.
  7343 | D:9      | Noticed a death yak
  7343 | D:9      | Noticed a death yak
  7345 | D:9      | Noticed a death yak
  7447 | D:8      | Noticed a two-headed ogre
  7452 | D:8      | Killed a two-headed ogre
  7525 | D:8      | Found an opulent altar of Gozag.
  7525 | D:8      | Found a faded altar of an unknown god.
  7530 | D:8      | Found an iron altar of Okawaru.
  7532 | D:8      | Found a shattered altar of Ashenzari.
  7533 | D:8      | Found a faded altar of an unknown god.
  7616 | D:8      | Noticed a brown ugly thing
  8477 | D:8      | Found a glowing silver altar of Zin.
  8679 | D:10     | Entered Level 10 of the Dungeon
  8680 | D:10     | Noticed Joseph
  8696 | D:10     | Killed Joseph
  8696 | D:10     | Reached skill level 13 in Polearms
  8726 | D:9      | Killed a death yak
  8733 | D:9      | Killed a death yak
  8745 | D:9      | Killed a death yak
  8745 | D:9      | Reached skill level 10 in Fighting
  8745 | D:9      | Reached skill level 10 in Armour
  8745 | D:9      | Reached XP level 11. HP: 25/99 MP: 10/10
  9311 | D:9      | Reached skill level 14 in Polearms
  9512 | D:9      | Reached *** piety under Makhleb
  9583 | D:9      | Found a staircase to the Orcish Mines.
  9600 | D:9      | Reached skill level 1 in Invocations
  9698 | Lair:1   | Entered Level 1 of the Lair of Beasts
  9700 | Lair:1   | Noticed Grum
  9711 | Lair:1   | Killed Grum
 10277 | Lair:1   | Noticed a seven-headed hydra
 10507 | Lair:1   | Killed an 11-headed hydra
 10873 | Lair:2   | Reached skill level 15 in Polearms
 10929 | Lair:2   | Noticed a death yak
 10931 | Lair:2   | Noticed a death yak
 10945 | Lair:2   | Killed a death yak
 11011 | Lair:2   | Found a hole to the Spider Nest.
 11093 | Lair:2   | Killed a death yak
 11093 | Lair:2   | Reached XP level 12. HP: 87/110 MP: 11/11
 11470 | Lair:2   | HP: 1/110 [cloud of flame (23)]
 11473 | Lair:2   | Mangled by a spiny frog

Skill      XL: |  1  2  3  4  5  6  7  8  9 10 11 12 |
---------------+-------------------------------------+-----
Armour         | 4 5 6 7 10 11 12 | 12.0
Fighting       | 4 5 6 7 8 10 11 | 11.6
Axes           | 3 4 |  4.8
Shields        | 4 |  4.4
Dodging        | 1 2 |  2.9
Polearms       | 4 6 9 11 13 15 | 15.6
Invocations    | 1 |  1.0
Stealth        | |  0.8
Evocations     | |  0.3

Action                   |  1- 3 |  4- 6 |  7- 9 | 10-12 || total
-------------------------+-------+-------+-------+-------++-------
Melee: War axe           |    57 |    10 |       |       ||    67
       Headbutt          |     6 |    11 |    51 |    72 ||   140
       Scythe            |       |    89 |   296 |   310 ||   695
Invok: Minor Destruction |       |       |       |     4 ||     4
       Lesser Servant of |       |       |       |     1 ||     1
Evoke: Wand              |       |       |       |     2 ||     2
  Use: Scroll            |     1 |       |    13 |    13 ||    27
       Potion            |       |     2 |       |     2 ||     4
  Eat: Chunk             |     1 |     3 |     9 |     5 ||    18
       Royal jelly       |       |     1 |       |       ||     1
       Bread ration      |       |       |     1 |     2 ||     3
       Fruit             |       |       |       |     2 ||     2
Armor: Scale mail        |    23 |    41 |   125 |       ||   189
       Skin              |       |    59 |       |       ||    59
       Plate armour      |       |       |    48 |   281 ||   329
Dodge: Dodged            |    17 |    66 |   164 |   140 ||   387
Block: Shield            |    27 |     1 |       |       ||    28
